[Event "*** Titled Tuesday Blitz"]
[Site "Chess.com"]
[Date "2021.04.27"]
[Round "9"]
[White "gxbg2000"]
[Black "WonderChampion"]
[Result "1/2-1/2"]
[WhiteElo "1964"]
[BlackElo "2092"]
[TimeControl "180+1"]
[EndTime "11:41:18 PDT"]
[Termination "Game drawn by repetition"]

1. e4 c5 2. f4 g6 3. c3 Nf6 4.
d3 Bg7 5. Nf3 O-O 6. Be2 d6 7.
O-O Bd7 8. Bd2 Nc6 9. Be1 a6 10. Nbd2 b5 11. h3 Rb8 12. Bh4 a5 13. a3 b4 14.
axb4 axb4 15. Qc2 bxc3 16. bxc3 Qc7 17. Bg3 Be6 18. Rfb1 Rxb1+ 19. Rxb1 Nh5 20. Bh2 Na5 21. Ng5 Bb3 22. Nxb3 Nxb3 23. Qxb3 e6 24. Bxh5 gxh5 25. Bg3 h6 26. Nf3 Bf6 27. h4 Qd7 28. Qb7 Qa4 29. Qb3 Qa5 30. Bf2 Ra8 31. e5 dxe5 32. Nxe5 Bg7 33. d4 cxd4 34. Bxd4 Bf6 35. g3 Qa6 36. Qc4 Bxe5 37. Qxa6 Bxd4+ 38. cxd4 Rxa6 39. Kf2 Kg7 40. Kf3 Ra3+ 41. Kf2 Ra2+ 42. Kf3 Ra3+ 43.
Kg2 Ra2+ 44. Kf3 Ra3+ 1/2-1/2

[Event "*** Titled Tuesday Blitz"]
[Site "Chess.com"]
[Date "2021.04.27"]
[Round "9"]
[White "WildBizon"]
[Black "Forantes"]
[Result "1-0"]
[WhiteElo "2673"]
[BlackElo "2508"]
[TimeControl "180+1"]
[EndTime "11:41:21 PDT"]
[Termination "WildBizon won on time"]

1. e4 c5 2. Nc3 g6 3. d4 cxd4 4. Qxd4 Nf6 5. Nf3 Bg7 6. e5 Nc6 7. Qh4 Ng8 8. Bf4 h5 9. O-O-O Nh6 10. Bd3 O-O 11. h3 d5 12. g4 e6 13. Bg5 Qc7 14.
gxh5 Nxe5 15. Nxe5 Qxe5 16. hxg6 fxg6 17. Bxh6 1-0

[Event "*** Titled Tuesday Blitz"]
[Site "Chess.com"]
[Date "2021.04.27"]
[Round "9"]
[White "Harald_Schmidt"]
[Black "szachuspl"]
[Result "0-1"]
[WhiteElo "2306"]
[BlackElo "2525"]
[TimeControl "180+1"]
[EndTime "11:41:30 PDT"]
[Termination "szachuspl won on time"]

1. e4 d5 2. exd5 Nf6 3. b3 Nxd5 4. Bb2 c5 5. Nc3 Nc6 6. g3 Nxc3 7. Bxc3 Qd5 8. Qf3 Qxf3 9. Nxf3 Bf5 10. O-O-O O-O-O 11. Bg2 f6 12. Nh4 Bd7 13. f4 e6 14. Rhe1 Bd6 15.
Re3 Nb4 16. Bxb4 cxb4 17. Bh3 Rhe8 18. Rde1 f5 19. Nf3 Bc5 20. R3e2 g6 21. Ne5 Re7 22. Bg2 Be8 23. Nd3 Bd6 24. Rxe6 Rxe6 25. Rxe6 Bf7 26. Re2 b6 27. Ne5 Be8 28. c3 bxc3 29.
dxc3 Ba3+ 0-1

[Event "*** Titled Tuesday Blitz"]
[Site "Chess.com"]
[Date "2021.04.27"]
[Round "9"]
[White "Supernotar"]
[Black "topin8"]
[Result "1-0"]
[WhiteElo "2723"]
[BlackElo "2316"]
[TimeControl "180+1"]
[EndTime "11:41:33 PDT"]
[Termination "Supernotar won on time"]

1. d4 Nf6 2. c4 e6 3. Nf3 d5 4. e3 Be7 5. Nbd2 O-O 6. Bd3 dxc4 7. Nxc4 c5 8. dxc5 Bxc5 9. a3 a6 10. b4 Be7 11. Bb2 Nc6 12. O-O b5 13. Nce5 Nxe5 14. Nxe5 Bb7 15. Rc1 Qd5 16. f3 Rac8 17. Qe2 Rxc1 18.
Rxc1 Rc8 19. Rxc8+ Bxc8 20. e4 Qd6 21. Qc2 Bb7 22.
Kf1 Bd8 23. Nxf7 Kxf7 24. e5 Qc6 25. exf6 Bxf6 26. Bxf6 Qxc2 27. Bxc2 Kxf6 28. Kf2 h6 29. Ke3 e5 30. g3 g5 31. Bb3 Bc8 32. Bd5 Ke7 33.
Ke4 Kd6 34. Ba8 Be6 35. Bb7 g4 36. fxg4 Bxg4 37. Bxa6 Bd7 38. Bb7 Kc7 39. Ba8 Kd6 40. h4 Bh3 41. Ke3 1-0

[Event "*** Titled Tuesday Blitz"]
[Site "Chess.com"]
[Date "2021.04.27"]
[Round "9"]
[White "Abdimalik_Abdisalimov"]
[Black "poppy73"]
[Result "0-1"]
[WhiteElo "2311"]
[BlackElo "2194"]
[TimeControl "180+1"]
[EndTime "11:41:38 PDT"]
[Termination "poppy73 won by checkmate"]

1. d4 Nf6 2. c4 g6 3. f3 Bg7 4. e4 d6 5. Nc3 O-O 6. Nge2 c5 7. d5 Nbd7 8. Be3 h5 9. Ng3 h4 10.
Nge2 Ne5 11. Nc1 Nh5 12. Be2 f5 13. O-O f4 14. Bf2 h3 15. Qc2 e6 16. b3 Qg5 17. g4 fxg3 18. hxg3 Nxg3 19. f4 Nxe2+ 20. Kh1 Qg2# 0-1

[Event "*** Titled Tuesday Blitz"]
[Site "Chess.com"]
[Date "2021.04.27"]
[Round "9"]
[White "kritipatel"]
[Black "LifeIsAllAboutChess23"]
[Result "0-1"]
[WhiteElo "1769"]
[BlackElo "2192"]
[TimeControl "180+1"]
[EndTime "11:41:39 PDT"]
[Termination "LifeIsAllAboutChess23 won by checkmate"]

1. e4 b6 2. d4 Bb7 3. Nc3 e6 4.
f4 Nf6 5. Nf3 Nxe4 6. Be3 Bb4 7.
Bd2 Nxd2 8. Nxd2 Qf6 9. Ne2 Nc6 10. c3 Bd6 11. g3 Nxd4 12. Nxd4 Bxh1 13. Qc2 e5 14.
Nb5 exf4 15. O-O-O O-O 16. Bd3 Bc6 17. Nxd6 cxd6 18.
Bxh7+ Kh8 19. Bd3 f3 20. Ne4 Bxe4 21. Bxe4 Rae8 22. Rf1 d5 23. Bxd5 Re2 24. Qa4 Qg5+ 25. Kb1 Qxd5 26. Qh4+ Kg8 27. Rc1 Qd2 28. Qb4 f2 29. a3 Qxc1+ 30. Kxc1 f1=Q# 0-1

[Event "*** Titled Tuesday Blitz"]
[Site "Chess.com"]
[Date "2021.04.27"]
[Round "9"]
[White "Rodchenkov_Vitalij"]
[Black "Michaelson_11"]
[Result "0-1"]
[WhiteElo "2059"]
[BlackElo "2235"]
[TimeControl "180+1"]
[EndTime "11:41:42 PDT"]
[Termination "Michaelson_11 won by resignation"]

1. Nf3 Nf6 2. c4 c5 3. Nc3 Nc6 4. g3 g6 5. Bg2 Bg7 6. O-O O-O 7. d4 cxd4 8. Nxd4 Qa5 9. Nb3 Qh5 10. e4 d6 11.
Qxh5 Nxh5 12. Bd2 Nf6 13. Rfe1 Be6 14. Bf1 Ne5 15. c5 Nf3+ 16. Kg2 Nxe1+ 17. Bxe1 Bxb3 18. axb3 dxc5 19. e5 Ng4 20. f4 Ne3+ 21. Kf2 Nxf1 22. Kxf1 Rfd8 23. Ne4 b6 24. b4 Rd4 25. Nf2 cxb4 26.
Rc1 a5 27. Rc7 a4 28. Rxe7 a3 29. bxa3 bxa3 30. Bc3 Rc4 31. Nd1 a2 32. Rb7 Rxc3 33. Rb8+ Rxb8 34. Nb2 a1=Q+ 35. Ke2 Qxb2+ 0-1

[Event "*** Titled Tuesday Blitz"]
[Site "Chess.com"]
[Date "2021.04.27"]
[Round "9"]
[White "K_A_S_T_O_R"]
[Black "rasmussvane"]
[Result "1-0"]
[WhiteElo "2795"]
[BlackElo "2889"]
[TimeControl "180+1"]
[EndTime "11:41:44 PDT"]
[Termination "K_A_S_T_O_R won by resignation"]

1. e4 c6 2. d4 d5 3. exd5 cxd5 4. c4 Nf6 5. Nc3 Nc6 6. Bg5 dxc4 7. d5 Ne5 8. Qd4 h6 9. Bf4 Ng6 10. Bg3 e5 11.
Bxe5 Nxe5 12. Qxe5+ Be7 13. Bxc4 O-O 14. Nge2 Bd6 15.
Qd4 Qc7 16. h3 Be5 17. Qd3 g6 18. d6 Qxd6 19. Qxg6+ Kh8 20. Qxh6+ Nh7 21. Qxd6 Bxd6 22. O-O Bf5 23. Rfd1 Be5 24. Rd5 Rfe8 25. f4 Bxc3 26. Nxc3 Be6 27. Rd4 Bxc4 28. Rxc4 Nf6 29. Rd1 a6 30.
Rd6 Kg7 31. Kf2 Re7 32. Rcd4 Rae8 33. Rxf6 Re3 1-0

[Event "*** Titled Tuesday Blitz"]
[Site "Chess.com"]
[Date "2021.04.27"]
[Round "9"]
[White "politeplayer"]
[Black "SergioGarciaFuentes"]
[Result "1-0"]
[WhiteElo "2260"]
[BlackElo "2341"]
[TimeControl "180+1"]
[EndTime "11:41:49 PDT"]
[Termination "politeplayer won by resignation"]

1. e4 e5 2. Nf3 Nf6 3. Nxe5 d6 4.
Nf3 Nxe4 5. d4 d5 6. Bd3 Bd6 7. O-O O-O 8. c4 c6 9. Nc3 Nxc3 10. bxc3 dxc4 11. Bxc4 Bg4 12. Qd3 Nd7 13. Rb1 b5 14.
Bb3 Bh5 15. Bg5 Qc7 16. Rbe1 c5 17. Bc2 Bg6 18. Qd2 Bxc2 19. Qxc2 cxd4 20. Nxd4 a6 21. Nf5 Bxh2+ 22. Kh1 Be5 23. Re3 Rfe8 24. Ne7+ Kh8 25. Qxh7+ 1-0

[Event "*** Titled Tuesday Blitz"]
[Site "Chess.com"]
[Date "2021.04.27"]
[Round "9"]
[White "scandalgod"]
[Black "ybruned"]
[Result "1-0"]
[WhiteElo "2595"]
[BlackElo "2387"]
[TimeControl "180+1"]
[EndTime "11:41:54 PDT"]
[Termination "scandalgod won by resignation"]

1. d4 b6 2. e4 Bb7 3. Bd3 e6 4. Nf3 d5 5. Qe2 c5 6. exd5 Qxd5 7. Nc3 Qd8 8. Bb5+ Bc6 9. d5 Bxb5 10. Qxb5+ Qd7 11. dxe6 fxe6 12. O-O Qxb5 13. Nxb5 Na6 14. Re1 O-O-O 15. Bg5 Be7 16. Rxe6 Bxg5 17. Nxg5 Nh6 18. Nxa7+ Kb7 19. Re7+ Nc7 20. Nb5 Rc8 21. Ne6 Nf5 22. Rxc7+ Rxc7 23. Nbxc7 Nd4 24. Nxd4 Kxc7 25. Nf3 Kc6 26.
Re1 Ra8 27. a3 b5 28. Kf1 b4 29. axb4 cxb4 30. c3 b3 31. Nd4+ Kc5 32. Nxb3+ Kc4 33. Nd2+ Kd3 34. Nf3 Ra2 35. Rd1+ Kc2 36. Rd2+ Kb3 37.
Ke2 1-0

[Event "*** Titled Tuesday Blitz"]
[Site "Chess.com"]
[Date "2021.04.27"]
[Round "9"]
[White "dodorox"]
[Black "tteshan"]
[Result "0-1"]
[WhiteElo "2123"]
[BlackElo "2244"]
[TimeControl "180+1"]
[EndTime "11:41:55 PDT"]
[Termination "tteshan won on time"]

1. d4 d5 2. c4 dxc4 3. Nc3 a6 4. a4 Nc6 5. e3 Na5 6. Nf3 Nf6 7. Ne5 Be6 8. Be2 g6 9. O-O Bg7 10. Bd2 O-O 11. Qc2 c6 12. Rfd1 Nd7 13. Nxd7 Qxd7 14. Ne4 Nb3 15. Ra3 b5 16. Bf3 Bf5 17. Bb4 a5 18. Bc5 Nxc5 19. dxc5 Qe6 20. axb5 cxb5 21. Rda1 Rfd8 22. h3 a4 23. Rc1 Rac8 24. Raa1 Bxe4 25. Bxe4 Rxc5 26. Rd1 Rcc8 0-1

[Event "*** Titled Tuesday Blitz"]
[Site "Chess.com"]
[Date "2021.04.27"]
[Round "9"]
[White "dretch"]
[Black "Konavets"]
[Result "0-1"]
[WhiteElo "2848"]
[BlackElo "2973"]
[TimeControl "180+1"]
[EndTime "11:41:58 PDT"]
[Termination "Konavets won on time"]

1. d4 Nf6 2. c4 e6 3. Nc3 Bb4 4. Qc2 d5 5. cxd5 exd5 6. Bg5 h6 7. Bxf6 Qxf6 8. a3 Bxc3+ 9. Qxc3 O-O 10. e3 Bf5 11. Ne2 Nd7 12. Ng3 Rac8 13. Nxf5 Qxf5 14.
Bd3 Qf6 15. b4 c5 16. bxc5 Nxc5 17. O-O Nxd3 18. Qxd3 Rc4 19. Rab1 b6 20. Rb5 Qc6 21. Qb3 Rb8 22. a4 a6 23. Rb4 b5 24. axb5 Rxb5 25. Rxc4 dxc4 26. Qa4 c3 27. Qc2 Rb2 28. Qc1 Rd2 29.
h3 a5 30. Re1 a4 31. e4 Rxd4 32. Qe3 Qc4 33. Rc1 c2 34. Kh2 Rd1 35. Kg3 Rxc1 36. Qxc1 a3 37. Qxa3 c1=Q 0-1

[Event "*** Titled Tuesday Blitz"]
[Site "Chess.com"]
[Date "2021.04.27"]
[Round "9"]
[White "rpragchess"]
[Black "Rodalquilar"]
[Result "1-0"]
[WhiteElo "2898"]
[BlackElo "2768"]
[TimeControl "180+1"]
[EndTime "11:41:58 PDT"]
[Termination "rpragchess won by checkmate"]

1. d4 d5 2. Bf4 Nf6 3. e3 e6 4. Nf3 Bd6 5. Bd3 O-O 6. Bg3 c5 7. Nbd2 Qc7 8. dxc5 Qxc5 9. c4 Bxg3 10. hxg3 dxc4 11.
Bxc4 Bd7 12. Rc1 Rc8 13. Rc3 Qd6 14. Rd3 Qe7 15. Ne5 Nc6 16. Nxd7 Nxd7 17. Qh5 Nf6 18. Qg5 Nb4 19. Rc3 Rc5 20. Qh4 Rac8 21. Ne4 Rxc4 22.
Rxc4 Nd3+ 23. Ke2 Rxc4 24. Nxf6+ gxf6 25. Qxh7+ Kf8 26. Qh8# 1-0

[Event "*** Titled Tuesday Blitz"]
[Site "Chess.com"]
[Date "2021.04.27"]
[Round "9"]
[White "paulrusan"]
[Black "Pantata007"]
[Result "1-0"]
[WhiteElo "2226"]
[BlackElo "2291"]
[TimeControl "180+1"]
[EndTime "11:42:04 PDT"]
[Termination "paulrusan won by resignation"]

1. e4 e5 2. Nf3 Nc6 3. Bc4 Bc5 4.
b4 Bxb4 5. c3 Be7 6. d4 Na5 7.
Be2 d6 8. Qa4+ c6 9. dxe5 dxe5 10.
Nxe5 Nf6 11. O-O Qc7 12. Nf3 O-O 13. Be3 b5 14. Qc2 Bg4 15. Nbd2 Rfe8 16. Rfe1 h6 17.
h3 Bh5 18. Nh4 Bxe2 19. Rxe2 Rad8 20. Nf5 Bf8 21. a4 a6 22. f3 Nb7 23. axb5 axb5 24. c4 Ra8 25. Rxa8 Rxa8 26. cxb5 g6 27. Qxc6 Qxc6 28.
bxc6 Na5 29. Nxh6+ Bxh6 30. Bxh6 Nxc6 31. Be3 Re8 32. g4 1-0

[Event "*** Titled Tuesday Blitz"]
[Site "Chess.com"]
[Date "2021.04.27"]
[Round "9"]
[White "friesnielsen2302"]
[Black "AsaHoffmann"]
[Result "1-0"]
[WhiteElo "2526"]
[BlackElo "2368"]
[TimeControl "180+1"]
[EndTime "11:42:06 PDT"]
[Termination "friesnielsen2302 won by checkmate"]

1. d4 Nf6 2. Nc3 d6 3. Bf4 c6 4. a4 Bf5 5. f3 Nbd7 6. e4 Bg6 7.
Nge2 e5 8. Be3 Be7 9. g4 O-O 10. h4 h5 11. g5 Ne8 12. d5 Qa5 13. Qd2 Nb6 14. b3 cxd5 15. exd5 Rc8 16. Bh3 Rd8 17. Rd1 Qb4 18. Ne4 Qxd2+ 19. Rxd2 Nc7 20. c4 Nc8 21. a5 a6 22. Rg1 Rfe8 23. Kf2 Bxe4 24. fxe4 g6 25. Nc3 Kg7 26. b4 f6 27. Ke2 fxg5 28.
hxg5 Rf8 29. c5 Rf4 30. Bxf4 exf4 31. c6 bxc6 32. dxc6 d5 33. Nxd5 Nxd5 34. Rxd5 Re8 35. b5 axb5 36. Rxb5 Nd6 37. Rb7 Nxe4 38. a6 Ng3+ 39.
Kf3 Kf8 40. a7 Bd6 41. c7 Re3+ 42. Kf2 Ne4+ 43. Kg2 Rg3+ 44. Kh2 f3 45. c8=Q# 1-0

[Event "*** Titled Tuesday Blitz"]
[Site "Chess.com"]
[Date "2021.04.27"]
[Round "9"]
[White "Grandmaster1369"]
[Black "jamalm2"]
[Result "1-0"]
[WhiteElo "2533"]
[BlackElo "2038"]
[TimeControl "180+1"]
[EndTime "11:42:06 PDT"]
[Termination "Grandmaster1369 won by resignation"]

1. e4 c5 2. Nf3 d6 3. Bb5+ Nc6 4. O-O Bd7 5. Re1 a6 6. Bf1 Bg4 7. c3 e6 8. h3 Bh5 9. d3 Be7 10. Bf4 Nf6 11. Nbd2 O-O 12. g4 Bg6 13. Nh4 d5 14. e5 Nd7 15. Nxg6 hxg6 16. Nf3 Qb6 17. Rb1 Rfd8 18.
Kg2 d4 19. c4 Nf8 20. h4 Nb8 21. Be2 Qc6 22. Kg3 b5 23. b3 Ra7 24. Ng5 Qc7 25. Bf3 Nc6 26. Qe2 Rd7 27. Qe4 Nd8 28.
Rh1 b4 29. h5 Bxg5 30. Bxg5 a5 31. Rh2 a4 32. Rbh1 f6 33. hxg6 Nxg6 34. Qxg6 Qxe5+ 35. Bf4 Qxf4+ 36. Kxf4 Nf7 37. Rh7 e5+ 38. Kg3 1-0

[Event "*** Titled Tuesday Blitz"]
[Site "Chess.com"]
[Date "2021.04.27"]
[Round "9"]
[White "MartinMatthiesen"]
[Black "maximych26"]
[Result "0-1"]
[WhiteElo "2440"]
[BlackElo "2320"]
[TimeControl "180+1"]
[EndTime "11:42:12 PDT"]
[Termination "maximych26 won by checkmate"]

1. b3 d5 2. Bb2 Nf6 3. e3 c6 4. f4 Bf5 5. Nf3 h6 6. Be2 e6 7. O-O Be7 8. Ne5 Nbd7 9. g4 Bh7 10. g5 hxg5 11. fxg5 Nxe5 12. Bxe5 Nd7 13. Bxg7 Rg8 14. Bb2 Bxg5 15. Kh1 Qe7 16. Nc3 O-O-O 17. Bf3 Ne5 18. Bg2 f6 19. Ne2 Qd6 20. Nf4 Rh8 21. Qe2 Bf5 22. Rf2 Ng4 23. h3 Nxf2+ 24. Qxf2 Bxf4 25. exf4 Bxh3 26. Bxf6 Bxg2+ 27. Kxg2 Rdg8+ 28. Kf3 Rh3+ 29. Ke2 Rhg3 30. Be5 Qb4 31. Qxa7 Rg2+ 32. Kf1 Rg1+ 33. Ke2 R8g2+ 34. Kf3 Qe4# 0-1

[Event "*** Titled Tuesday Blitz"]
[Site "Chess.com"]
[Date "2021.04.27"]
[Round "9"]
[White "Irishchessman16"]
[Black "KonstantinB_1983"]
[Result "1-0"]
[WhiteElo "2321"]
[BlackElo "2492"]
[TimeControl "180+1"]
[EndTime "11:42:17 PDT"]
[Termination "Irishchessman16 won by checkmate"]

1. e4 d5 2. exd5 Qxd5 3. Nc3 Qd6 4. d4 Nf6 5. Bc4 a6 6. h3 Nc6 7. Nf3 Bf5 8. O-O Nb4 9. Bb3 e6 10. Bg5 Be7 11. Qe2 O-O 12. Rad1 Rfe8 13. Qe5 Bxc2 14. Bxc2 Nxc2 15. Rd2 Nb4 16. Ne4 Nxe4 17. Qxe4 c6 18. Qh4 h6 19. Bxe7 Qxe7 20. Qh5 Rad8 21. Re2 Rd5 22.
Re5 Qf6 23. Rfe1 Nd3 24. R1e4 Nxe5 25. dxe5 Qf5 26. Qh4 Red8 27. Rg4 Qh7 28. Qe7 R5d7 29. Qc5 Qd3 30. Kh2 Kh7 31. Qc1 Rd5 32. Qf4 R8d7 33.
Qb4 c5 34. Qf4 b5 35. Qg3 Qf5 36. Rxg7+ Kh8 37. Rg8+ Kh7 38. Qg7# 1-0

[Event "*** Titled Tuesday Blitz"]
[Site "Chess.com"]
[Date "2021.04.27"]
[Round "9"]
[White "olksuna"]
[Black "Manukyan_Artak"]
[Result "1-0"]
[WhiteElo "2635"]
[BlackElo "2453"]
[TimeControl "180+1"]
[EndTime "11:42:19 PDT"]
[Termination "olksuna won by resignation"]

1. e4 c6 2. Nf3 d5 3. Nc3 Bg4 4. h3 Bxf3 5. Qxf3 Nf6 6. d3 e5 7. a3 d4 8. Ne2 c5 9. g4 Nc6 10. Qg3 Bd6 11. Bg2 Nd7 12. f4 f6 13.
O-O Qe7 14. c4 O-O-O 15. b4 h5 16. g5 exf4 17. Bxf4 Bxf4 18. Nxf4 fxg5 19. Ng6 Qe6 20. Nxh8 Rxh8 21. Qxg5 Nce5 22. bxc5 Nxc5 23. Rf5 Ncxd3 24.
Raf1 Rd8 25. Rf8 Nc6 26. h4 Rxf8 27. Rxf8+ Kc7 28. c5 Qg4 29. Qd5 Qg3 30. Qf7+ 1-0

[Event "*** Titled Tuesday Blitz"]
[Site "Chess.com"]
[Date "2021.04.27"]
[Round "9"]
[White "Ze-Pequeno"]
[Black "Andrii_Prydun"]
[Result "0-1"]
[WhiteElo "2221"]
[BlackElo "2345"]
[TimeControl "180+1"]
[EndTime "11:42:19 PDT"]
[Termination "Andrii_Prydun won on time"]

1. e4 d5 2. exd5 Qxd5 3. Nc3 Qd6 4. d4 Nf6 5. Nf3 c6 6. Ne5 Nbd7 7. Nc4 Qc7 8. Qf3 Nb6 9. Ne5 Qd8 10. Bf4 h5 11. h3 Bg4 12. Qd3 Be6 13. O-O-O Nbd5 14. Nxd5 Nxd5 15. Bd2 g6 16. c4 Nb6 17. Qc3 Bg7 18. Bf4 O-O 19. Be2 Rc8 20. g4 h4 21.
Kb1 Na4 22. Qb4 b5 23. cxb5 cxb5 24. Bxb5 Nb6 25. Qa5 Qd5 26. Rhe1 Nc4 27. Nxc4 Rxc4 28. Qa6 Rb4 29. Bc6 Qd8 30. Bd6 Qxd6 0-1

[Event "*** Titled Tuesday Blitz"]
[Site "Chess.com"]
[Date "2021.04.27"]
[Round "9"]
[White "zurzan"]
[Black "secretsuperstar7"]
[Result "0-1"]
[WhiteElo "2020"]
[BlackElo "2219"]
[TimeControl "180+1"]
[EndTime "11:42:19 PDT"]
[Termination "secretsuperstar7 won by checkmate"]

1. f4 d5 2. Nf3 c5 3. g3 Nc6 4. Bg2 g6 5. O-O Bg7 6. d3 Nf6 7. c3 O-O 8. Qc2 Re8 9. e4 d4 10. h3 c4 11. e5 cxd3 12. Qxd3 Bf5 13. Qb5 Ne4 14. Rd1 Nxg3 15. cxd4 Rb8 16. d5 a6 17. Qc4 Na5 18. Qb4 Rc8 19. Nc3 b5 20. Kh2 Nh5 21.
Be3 Rc4 22. Qa3 b4 23. Qa4 bxc3 24. Qc2 Bxc2 25. Rdc1 Bf5 26. b3 Rc8 27. b4 Nc4 28. Bf2 Nxf4 29. Nd4 Nxg2 30. Kxg2 Bxe5 31. Nxf5 gxf5 32.
Rc2 Qxd5+ 33. Kg1 Kh8 34. Kf1 Qh1+ 35. Ke2 Qe4+ 36. Kd1 Red8+ 37. Kc1 Bf4+ 38. Kb1 Na3# 0-1

[Event "*** Titled Tuesday Blitz"]
[Site "Chess.com"]
[Date "2021.04.27"]
[Round "9"]
[White "CM_rui"]
[Black "chessprincesa1"]
[Result "1-0"]
[WhiteElo "2511"]
[BlackElo "2332"]
[TimeControl "180+1"]
[EndTime "11:42:20 PDT"]
[Termination "CM_rui won by resignation"]

1. e4 e5 2. Nc3 Nf6 3. f4 d5 4. fxe5 Nxe4 5. d3 Qh4+ 6. g3 Nxg3 7. Nf3 Qg4 8. hxg3 Qxg3+ 9. Kd2 Bg4 10. Be2 g6 11. Nxd5 Bxf3 12. Bxf3 Qg5+ 13. Ke1 Qg3+ 14. Kf1 Bc5 15. Nf6+ Kd8 16. Ne4 Qxe5 17. d4 Bxd4 18. c3 Qb5+ 19. Kg2 Nd7 20. Qxd4 Re8 21. Rxh7 f5 22.
Bg5+ Kc8 23. Qxd7+ Qxd7 24. Rxd7 fxe4 25. Bg4 1-0

[Event "*** Titled Tuesday Blitz"]
[Site "Chess.com"]
[Date "2021.04.27"]
[Round "9"]
[White "tylityli"]
[Black "profofchess"]
[Result "0-1"]
[WhiteElo "2328"]
[BlackElo "2474"]
[TimeControl "180+1"]
[EndTime "11:42:22 PDT"]
[Termination "profofchess won by resignation"]

1. d4 Nf6 2. c4 e6 3. Nc3 Bb4 4. e3 O-O 5. Ne2 Re8 6. a3 Bf8 7. d5 a5 8. g3 Na6 9. Bg2 Nc5 10.
b3 exd5 11. Nxd5 Nxd5 12. Bxd5 a4 13. Nd4 axb3 14. Nxb3 Na4 15. O-O Nc3 16. Qc2 Nxd5 17. cxd5 b6 18. e4 Bb7 19. Bb2 c6 20. Rfd1 cxd5 21.
exd5 Qg5 22. f4 Qh5 23. Qd3 Re2 24. Be5 Qxh2+ 0-1

[Event "*** Titled Tuesday Blitz"]
[Site "Chess.com"]
[Date "2021.04.27"]
[Round "9"]
[White "MuhittinBuker"]
[Black "Jospem"]
[Result "0-1"]
[WhiteElo "2222"]
[BlackElo "2996"]
[TimeControl "180+1"]
[EndTime "11:42:26 PDT"]
[Termination "Jospem won on time"]

1. d4 Nf6 2. c4 e6 3. Nf3 Bb4+ 4. Bd2 c5 5. e3 b6 6. Bxb4 cxb4 7. Bd3 Bb7 8. O-O O-O 9. a3 Qe7 10. Qb3 bxa3 11. Nxa3 Nc6 12. Nb5 a5 13. Nc7 Rab8 14.
Rfc1 Nb4 15. Be2 d6 16. Nb5 e5 17. dxe5 dxe5 18. Rd1 Ne4 19. Nd2 Nc5 20. Qc3 Rbd8 21. f3 Qg5 22. Nf1 h5 23. Nc7 h4 24. e4 Rd4 25. Nd5 Bxd5 26. cxd5 f5 27. Rxd4 exd4 28. Qxd4 Nc2 29. Qd1 Nxa1 30. Qxa1 fxe4 31. fxe4 h3 32. Ng3 Qe3+ 33. Kh1 Rf2 0-1

[Event "*** Titled Tuesday Blitz"]
[Site "Chess.com"]
[Date "2021.04.27"]
[Round "9"]
[White "GMJustin"]
[Black "rynos0411"]
[Result "0-1"]
[WhiteElo "2295"]
[BlackElo "2468"]
[TimeControl "180+1"]
[EndTime "11:42:26 PDT"]
[Termination "rynos0411 won on time"]

1. e4 c6 2. d4 d5 3. e5 Bf5 4. Bd3 Bxd3 5. Qxd3 Qa5+ 6. c3 Qa6 7. Qg3 e6 8. Ne2 Ne7 9. Nd2 c5 10. Nf3 Nbc6 11.
Qf4 h6 12. Qd2 Rc8 13. O-O Nf5 14. Ng3 Nxg3 15. hxg3 Be7 16. Re1 Qb6 17. Qe2 cxd4 18. cxd4 O-O 19. Be3 Nb4 20. Red1 Rc2 21. Rd2 Rfc8 22. Ne1 Rc1 23. Rd1 Rxd1 24. Qxd1 Qa6 25. a3 Nc6 26. Nd3 Qb6 27. Rc1 Rb8 28. Nc5 Qxb2 29.
Rb1 Qxa3 30. Rxb7 Rxb7 31. Nxb7 Bb4 32. Qc2 Qc3 33. Qa4 Nxd4 34. Bxd4 Qxd4 35. Qe8+ Kh7 36. Qxf7 Qxe5 37. Nd8 a5 38. Nxe6 a4 0-1

[Event "*** Titled Tuesday Blitz"]
[Site "Chess.com"]
[Date "2021.04.27"]
[Round "9"]
[White "KubaGepard"]
[Black "MeekinsKris"]
[Result "1-0"]
[WhiteElo "2399"]
[BlackElo "2221"]
[TimeControl "180+1"]
[EndTime "11:42:27 PDT"]
[Termination "KubaGepard won by resignation"]

1. d4 Nf6 2. Nf3 g6 3. g3 Bg7 4. Bg2 O-O 5. O-O d6 6. c4 Nc6 7. Nc3 e5 8. dxe5 dxe5 9. Bg5 Be6 10. Qa4 h6 11. Rfd1 Qe8 12. Bxf6 Bxf6 13. Nd5 Bxd5 14.
cxd5 Nd4 15. Qxe8 Rfxe8 16. e3 Nxf3+ 17. Bxf3 Be7 18. Rac1 Bd6 19. Rc4 f5 20. e4 Kg7 21.
Rdc1 Rac8 22. R1c2 a6 23. Kg2 Kf6 24. h4 f4 25. h5 g5 26. Bg4 Rcd8 27. Bf5 Re7 28.
g4 Rb8 29. Kf1 Rd8 30. Ke2 Rb8 31. R2c3 Rd8 32. Ke1 Rb8 33. Kd1 Rd8 34. Kc2 Rb8 35. Kb3 Rd8 36. a4 Rb8 37. a5 Rd8 38. Ka2 Rb8 39.
Kb1 Rd8 40. Rb3 Rb8 41. Rc6 Kg7 42. Rxa6 Kf6 43. Ra7 b6 44. axb6 Rxb6 45. Rxb6 cxb6 46. Ra8 Bc5 47. f3 Rc7 48. Rh8 Be3 49. Rxh6+ Ke7 50. Rh7+ Kd6 51. Rxc7 Kxc7 52. h6 1-0

[Event "*** Titled Tuesday Blitz"]
[Site "Chess.com"]
[Date "2021.04.27"]
[Round "9"]
[White "Klavdia_Nik"]
[Black "shreyansshah123"]
[Result "1/2-1/2"]
[WhiteElo "2034"]
[BlackElo "1698"]
[TimeControl "180+1"]
[EndTime "11:42:27 PDT"]
[Termination "Game drawn by stalemate"]

1. Nf3 Nf6 2. c4 e6 3. b3 d5 4. Bb2 Be7 5. g3 c6 6. Bg2 Nbd7 7. O-O O-O 8. d4 b6 9. Nc3 Ba6 10. Ne5 Rc8 11. e4 dxc4 12. Nxc4 c5 13. d5 exd5 14. exd5 Bxc4 15. bxc4 Bd6 16. Nb5 Ne8 17. Nxa7 Ra8 18. Nb5 Qb8 19. f4 Ndf6 20. Qc2 Qd8 21. Nxd6 Qxd6 22.
Be5 Qd7 23. a4 Ra5 24. h3 Nd6 25. Kh2 Nfe8 26. f5 f6 27. Bc3 Ra8 28. Qd3 Nc7 29. a5 bxa5 30. Rxa5 Rxa5 31. Bxa5 Ra8 32. Bxc7 Qxc7 33.
Qe2 Ra4 34. Qe6+ Kf8 35. Rf4 Rxc4 36. Rxc4 Nxc4 37. d6 Qxd6 38. Qxc4 Ke7 39. h4 Qd4 40. Qxd4 cxd4 41. Be4 Kd6 42. Kg2 Ke5 43. Bd3 Kd6 44. Kf3 Kc5 45. Ke4 g6 46. g4 gxf5+ 47. gxf5 h5 48.
Be2 Kd6 49. Kxd4 Ke7 50. Bc4 Kd7 51. Be6+ Ke7 52. Bd5 Kd6 53. Bf3 Ke7 54. Bxh5 Kf8 55. Bg6 Kg7 56. Kd5 Kh6 57. Ke6 Kg7 58. h5 Kh6 59. Kxf6 1/2-1/2

[Event "*** Titled Tuesday Blitz"]
[Site "Chess.com"]
[Date "2021.04.27"]
[Round "9"]
[White "NiranjanNavalgund"]
[Black "szefru"]
[Result "1-0"]
[WhiteElo "2478"]
[BlackElo "2194"]
[TimeControl "180+1"]
[EndTime "11:42:29 PDT"]
[Termination "NiranjanNavalgund won by checkmate"]

1. e4 e5 2. Nf3 Nc6 3. Nc3 Nf6 4. Nxe5 Nxe5 5. d4 Ng6 6. e5 d6 7.
exf6 Qxf6 8. Be2 Be7 9. O-O O-O 10. Nd5 Qf5 11. Nxc7 Rb8 12. Bf3 Nh4 13. Nd5 Bg5 14. Bxg5 Qxg5 15. Ne3 Bd7 16. Bg4 f5 17. Bh3 Rbd8 18.
f4 Qf6 19. Nd5 Qf7 20. Nc3 Ng6 21. Qd2 Bc6 22. Rae1 Rfe8 23. d5 Bd7 24. g3 Nf8 25. Qd4 Bc8 26. Qxa7 Rxe1 27. Rxe1 Re8 28. Qf2 Rxe1+ 29.
Qxe1 Nd7 30. Qe6 Nb6 31. Qxd6 h6 32. Qd8+ Kh7 33. Qxb6 Qe7 34. Qf2 Bd7 35. Bg2 Qb4 36. Qd2 Qxb2 37. h4 b5 38. Kh2 b4 39. Ne2 Qxa2 40.
Qxb4 Qxc2 41. Nd4 Qd3 42. Qc5 g5 43. Qe7+ Kg6 44. h5+ Kxh5 45. Qf7+ Kg4 46. Bh3# 1-0

[Event "*** Titled Tuesday Blitz"]
[Site "Chess.com"]
[Date "2021.04.27"]
[Round "9"]
[White "BahadirOzen"]
[Black "Sergey85Rodchenkov"]
[Result "1-0"]
[WhiteElo "2672"]
[BlackElo "2525"]
[TimeControl "180+1"]
[EndTime "11:42:32 PDT"]
[Termination "BahadirOzen won by resignation"]

1. g3 c5 2. Bg2 Nc6 3. c4 g6 4.
e3 Bg7 5. Ne2 Nf6 6. Nbc3 O-O 7.
O-O e5 8. d3 d6 9. a3 Nh5 10. Rb1 a5 11. Nd5 f5 12. b4 axb4 13. axb4 f4 14. Nec3 Be6 15. bxc5 dxc5 16. Rxb7 Kh8 17.
Nc7 Bc8 18. Bxc6 Bxb7 19. Bxb7 Qxc7 20. Bxa8 Rxa8 21. Nd5 Qf7 22. exf4 exf4 23. Bxf4 Nxf4 24. Nxf4 Bd4 25. Qe2 Re8 26. Qg4 Rf8 27. Kg2 Qb7+ 28. Nd5 Qb2 29. Nf4 Qd2 30. Qe2 Qc3 31. Nd5 Qa3 32.
h4 Qa8 33. h5 gxh5 34. Qxh5 Qc6 35. Qg4 Qf6 36. Nxf6 1-0